 Dungeon Crawl Stone Soup version 0.26-a0-682-g294304f6e8 (webtiles) character file.

Game seed: 14618716734231856698

3168 Gargoyl the Fighter (level 9, -2/74 HPs)
             Began as a Gnoll Abyssal Knight on Oct 21, 2020.
             Was an Elder of Lugonu.
             Slain by a two-headed ogre
             ... wielding a +0 giant spiked club
              (22 damage)
             ... on level 8 of the Dungeon.
             The game lasted 00:10:35 (8685 turns).

Gargoyl the Fighter (Gnoll Abyssal Knight)          Turns: 8685, Time: 00:10:37

Health: -2/74      AC: 13    Str: 15      XL:     9   Next: 94%
Magic:  0/16       EV:  7    Int: 12 (14) God:    Lugonu [****..]
Gold:   424        SH:  9    Dex: 16 (18) Spells: 17/17 levels left

rFire    . . .     SeeInvis .   a - +2 hand axe
rCold    + . .     Faith    .   i - +0 kite shield
rNeg     + . .     Spirit   +   u - +2 chain mail {rC+}
rPois    .         Reflect  .   q - +0 helmet
rElec    .         Harm     .   (no cloak)
rCorr    .         Rampage  .   (no gloves)
MR       .....                  (no boots)
Stlth    ..........             c - amulet of guardian spirit
HPRegen  0.22/turn              w - ring of positive energy
MPRegen  0.15/turn              (no ring)

@: no status effects
A: distributed training, fangs 1, strong nose
a: Depart the Abyss, Bend Space, Banish, Corrupt, Renounce Religion


You were on level 8 of the Dungeon.
You worshipped Lugonu.
Lugonu was greatly pleased with you.
You visited 2 branches of the dungeon, and saw 9 of its levels.
You visited the Abyss 1 time.

You collected 424 gold pieces.

Inventory:

Hand Weapons
 a - a +2 hand axe (weapon)
Missiles
 r - 15 poisoned darts (quivered)
Armour
 i - a +0 kite shield (worn)
 q - a +0 helmet (worn)
 u - a +2 chain mail of cold resistance (worn)
Jewellery
 c - an amulet of guardian spirit (around neck)
 w - a ring of positive energy (left hand)
Wands
 f - a wand of flame (4)
 m - a wand of enslavement (7)
 p - a wand of digging (4)
 x - a wand of polymorph (13)
Scrolls
 e - a scroll of blinking
 g - a scroll of remove curse
 k - a scroll of identify
 o - 6 scrolls of teleportation
Potions
 d - 2 potions of stabbing
 h - 5 potions of flight
 l - a potion of resistance
 n - 2 potions of cancellation
 s - 4 potions of curing
 t - 2 potions of degeneration


   Skills:
 + Level 8.1 Fighting
 + Level 4.7 Short Blades
 + Level 4.7 Long Blades
 + Level 6.6 Axes
 + Level 4.7 Maces & Flails
 + Level 4.7 Polearms
 + Level 4.7 Staves
 + Level 4.7 Slings
 + Level 4.7 Bows
 + Level 4.7 Crossbows
 + Level 4.7 Throwing
 + Level 6.6 Armour
 + Level 5.4 Dodging
 + Level 4.7 Stealth
 + Level 4.7 Shields
 + Level 4.7 Unarmed Combat
 + Level 4.7 Spellcasting
 + Level 3.9 Conjurations
 + Level 3.9 Hexes
 + Level 3.9 Summonings
 + Level 3.9 Necromancy
 + Level 3.9 Translocations
 + Level 3.9 Transmutations
 + Level 3.9 Fire Magic
 + Level 3.9 Ice Magic
 + Level 3.9 Air Magic
 + Level 3.9 Earth Magic
 + Level 3.9 Poison Magic
 + Level 7.0 Invocations
 + Level 4.7 Evocations


You had 17 spell levels left.
You didn't know any spells.
Your spell library contained the following spells:

 Spells                   Type           Power        Failure   Level
 Magic Dart               Conj           ##..         94%         1
 Searing Ray              Conj           ##....       98%         2
 Dazzling Flash           Conj/Hex       ##....       100%        3
 Fulminant Prism          Conj/Hex       ##........   100%        4
 Iskenderun's Mystic Bla  Conj/Tloc      ##......     100%        4


Dungeon Overview and Level Annotations

Branches:
Dungeon (8/15)             Temple (1/1) D:4
   Lair: D:8-11

Altars:
Ashenzari
Dithmenos
Gozag
Trog
Uskayaw
Wu Jian
Yredelemnul
Zin


Innate Abilities, Weirdness & Mutations

Your experience applies equally to all skills.
You have very sharp teeth.
Your uncanny sense of smell can sniff out nearby items.


Message History

You slash the two-headed ogre!
The two-headed ogre is moderately wounded.
You block the two-headed ogre's attack.
The two-headed ogre hits you with a cursed -2 giant club!
Your shield and chain mail prevent you from hitting the two-headed ogre.
The two-headed ogre is moderately wounded.
You hit the two-headed ogre.
The two-headed ogre is moderately wounded.
You block the two-headed ogre's attack. The two-headed ogre closely misses you.
Your shield and chain mail prevent you from hitting the two-headed ogre.
You bite the two-headed ogre, but do no damage.
The two-headed ogre is moderately wounded.
The two-headed ogre closely misses you. You block the two-headed ogre's attack.
You hit the two-headed ogre.
You bite the two-headed ogre, but do no damage.
The two-headed ogre is moderately wounded.
The two-headed ogre hits you with a +0 giant spiked club!
* * * LOW HITPOINT WARNING * * *
The two-headed ogre hits you with a cursed -2 giant club!!
You die...

#...?..# #......####.###
# . ##..........#..# .#
(#
#.......###.(..##.##.##
#...^............ .....
#..#...# ..... ......
#(.#.#(### #.#.##.....#
##....#..)###.#.#.......
....#####....†..@O......
##....#...#######.......
...#..#.### ......#
##.#....# ..>...#
...#.#.## .....##
####.#.# ##.### ####.#.#
.# .......# .# ####...#


You could see a two-headed ogre.

Vanquished Creatures
  Edmund (D:6)
  A water moccasin (D:7)
  Duvessa (D:4)
  An orc warrior (D:6)
  A black bear (D:6)
  An ice beast (D:6)
  2 necrophages (D:7)
  3 centaurs
  3 ogres
  3 bullfrogs (D:8)
  A gnoll sergeant (D:7)
  Dowan (D:4)
  4 scorpions
  9 killer bees (D:8)
  7 howler monkeys (D:8)
  A centaur zombie (D:5)
  3 hounds
  An orc wizard (Temple)
  4 orc priests
  A bullfrog skeleton (D:4)
  Ijyb (D:4)
  2 worker ants
  2 hound zombies
  A hound skeleton (D:8)
  A howler monkey zombie (D:8)
  A worker ant zombie (D:8)
  Robin (D:2)
  7 adders
  8 gnolls
  A shadow imp (D:8)
  2 white imps
  2 adder skeletons
  3 adder zombies
  A worm (D:4)
  2 dart slugs
  7 leopard geckos
  12 orcs
  A ball python (D:2)
  4 giant cockroaches
  6 hobgoblins
  3 jackals (D:6)
  3 kobolds
  2 quokkas
  A ball python skeleton (D:4)
  3 bats
  3 frilled lizards
  11 goblins
  6 rats
146 creatures vanquished.

Notes
Turn   | Place    | Note
-------+----------+-------------------------------------------
     0 | Abyss:1  | Gargoyl the Gnoll Abyssal Knight began the quest for the
                  | Orb.
     0 | Abyss:1  | Reached XP level 1. HP: 23/23 MP: 3/3
    60 | Abyss:1  | Noticed a large abomination
    70 | Abyss:1  | Noticed a small abomination
    83 | D:1      | Escaped the Abyss
   403 | D:1      | Reached * piety under Lugonu
   403 | D:1      | Reached XP level 2. HP: 25/29 MP: 5/5
   978 | D:2      | Reached XP level 3. HP: 32/35 MP: 3/6
  1066 | D:2      | Reached skill level 1 in Short Blades
  1066 | D:2      | Reached skill level 1 in Long Blades
  1066 | D:2      | Reached skill level 1 in Maces & Flails
  1066 | D:2      | Reached skill level 1 in Polearms
  1066 | D:2      | Reached skill level 1 in Staves
  1066 | D:2      | Reached skill level 1 in Slings
  1066 | D:2      | Reached skill level 1 in Bows
  1066 | D:2      | Reached skill level 1 in Crossbows
  1066 | D:2      | Reached skill level 1 in Throwing
  1066 | D:2      | Reached skill level 1 in Stealth
  1066 | D:2      | Reached skill level 1 in Shields
  1066 | D:2      | Reached skill level 1 in Unarmed Combat
  1066 | D:2      | Reached skill level 1 in Spellcasting
  1066 | D:2      | Reached skill level 1 in Evocations
  1242 | D:2      | Reached XP level 4. HP: 38/41 MP: 7/7
  1290 | D:2      | Noticed Robin
  1293 | D:2      | Reached skill level 1 in Conjurations
  1293 | D:2      | Reached skill level 1 in Hexes
  1293 | D:2      | Reached skill level 1 in Summonings
  1293 | D:2      | Reached skill level 1 in Necromancy
  1293 | D:2      | Reached skill level 1 in Translocations
  1293 | D:2      | Reached skill level 1 in Transmutations
  1293 | D:2      | Reached skill level 1 in Fire Magic
  1293 | D:2      | Reached skill level 1 in Ice Magic
  1293 | D:2      | Reached skill level 1 in Air Magic
  1293 | D:2      | Reached skill level 1 in Earth Magic
  1293 | D:2      | Reached skill level 1 in Poison Magic
  1307 | D:2      | Killed Robin
  1514 | D:2      | Found a faded altar of an unknown god.
  1657 | D:2      | Found a basalt altar of Yredelemnul.
  1659 | D:2      | Reached ** piety under Lugonu
  1659 | D:2      | Reached XP level 5. HP: 47/47 MP: 8/8
  2395 | D:4      | Found a staircase to the Ecumenical Temple.
  2435 | D:4      | Noticed Dowan
  2437 | D:4      | Noticed Duvessa
  2447 | Temple   | Entered the Ecumenical Temple
  2669 | Temple   | Reached skill level 5 in Invocations
  2669 | Temple   | Reached XP level 6. HP: 41/53 MP: 5/9
  3052 | D:4      | Killed Duvessa
  3052 | D:4      | Reached skill level 5 in Axes
  3052 | D:4      | Reached skill level 5 in Armour
  3071 | D:4      | Killed Dowan
  3071 | D:4      | Reached XP level 7. HP: 9/59 MP: 2/10
  3480 | D:4      | Noticed Ijyb
  3501 | D:4      | Killed Ijyb
  3501 | D:4      | Reached skill level 7 in Fighting
  3662 | D:5      | Entered Level 5 of the Dungeon
  4127 | D:5      | Found a shadowy altar of Dithmenos.
  5162 | D:6      | Reached XP level 8. HP: 45/67 MP: 7/12
  6004 | D:6      | Noticed Edmund
  6030 | D:6      | Killed Edmund
  6597 | D:7      | Reached *** piety under Lugonu
  6873 | D:7      | Found a broken altar of Ashenzari.
  7210 | D:7      | Found an opulent altar of Gozag.
  7526 | D:7      | Reached XP level 9. HP: 72/72 MP: 14/14
  8116 | D:8      | Reached skill level 5 in Dodging
  8283 | D:8      | Reached skill level 8 in Fighting
  8325 | D:8      | Reached **** piety under Lugonu
  8673 | D:8      | Noticed a two-headed ogre
  8685 | D:8      | Slain by a two-headed ogre

Illustrated notes

Levels and vault maps discovered:
D:1:      scummos_arrival_star, layout_basic
D:2:      lemuel_upstairs_altar, layout_loops_ring,
          chequers_ecumenical_altar_twisty, uniq_robin
D:3:      layout_basic
D:4:      layout_rooms, minmay_temple_entry_trees, minmay_liquid_box,
          uniq_duvessa, uniq_ijyb
D:5:      layout_basic, nicolae_dithmenos_through_a_glass_darkly
D:6:      layout_basic, minmay_fractal_squares_gapless_5, uniq_edmund
D:7:      layout_basic, lemuel_crystal_altar, nicolae_gozag_seed_capital
D:8:      layout_loops_ring, nicolae_overflow_crystal_walls
Temple:   eino_temple_scatter_basement

Skill      XL: |  1  2  3  4  5  6  7  8  9 |
---------------+----------------------------+-----
Short Blades   | 1 2 3 4 |  4.7
Long Blades    | 1 2 3 4 |  4.7
Maces & Flails | 1 2 3 4 |  4.7
Polearms       | 1 2 3 4 |  4.7
Staves         | 1 2 3 4 |  4.7
Slings         | 1 2 3 4 |  4.7
Bows           | 1 2 3 4 |  4.7
Crossbows      | 1 2 3 4 |  4.7
Throwing       | 1 2 3 4 |  4.7
Stealth        | 1 2 3 4 |  4.7
Shields        | 1 2 3 4 |  4.7
Unarmed Combat | 1 2 3 4 |  4.7
Spellcasting   | 1 2 3 4 |  4.7
Evocations     | 1 2 3 4 |  4.7
Conjurations   | 1 2 3 |  3.9
Hexes          | 1 2 3 |  3.9
Summonings     | 1 2 3 |  3.9
Necromancy     | 1 2 3 |  3.9
Translocations | 1 2 3 |  3.9
Transmutations | 1 2 3 |  3.9
Fire Magic     | 1 2 3 |  3.9
Ice Magic      | 1 2 3 |  3.9
Air Magic      | 1 2 3 |  3.9
Earth Magic    | 1 2 3 |  3.9
Poison Magic   | 1 2 3 |  3.9
Dodging        | 3 4 5 |  5.4
Invocations    | 5 6 7 |  7.0
Axes           | 5 6 |  6.6
Armour         | 5 6 |  6.6
Fighting       | 7 8 |  8.1

Action                   |  1- 3 |  4- 6 |  7- 9 || total
-------------------------+-------+-------+-------++-------
Melee: Hand axe          |    76 |   147 |   526 ||   749
       Bite              |     6 |    18 |    72 ||    96
Throw: Dart              |       |    14 |    36 ||    50
Invok: Depart the Abyss  |     1 |       |       ||     1
       Bend Space        |       |       |     1 ||     1
  Use: Scroll            |     2 |     6 |     6 ||    14
       Potion            |     1 |     2 |     8 ||    11
Armor: Leather armour    |     7 |       |       ||     7
       Plate armour      |    35 |   117 |    14 ||   166
       Chain mail        |     3 |       |   265 ||   268
Dodge: Dodged            |    30 |    13 |   142 ||   185
Block: Kite shield       |    20 |    62 |   273 ||   355

Table legend: (Time is in decaauts)
 A = Elapsed time spent in this place.
 B = Non-inter-level travel time spent in this place.
 C = Inter-level travel time spent in this place.
 D = Time resting spent in this place.
 E = Time spent auto-exploring this place.
 F = Levels seen in this place.
 G = Mean time per level.
                   A        B        C        D        E       F      G
               +--------+--------+--------+--------+--------+-----+--------+
         Total |   8768 |   8614 |    154 |   1367 |   5556 |  10 |  876.8 |
       Dungeon |   8099 |   7945 |    154 |    864 |   5500 |   8 | 1012.4 |
        Temple |    585 |    585 |      0 |    503 |      0 |   1 |  585.0 |
         Abyss |     83 |     83 |      0 |      0 |     56 |   1 |   83.0 |
               +--------+--------+--------+--------+--------+-----+--------+

Top non-repeatable levels by time:
     D:6: 1473 daAuts
     D:5: 1418 daAuts
     D:7: 1315 daAuts
     D:1: 867 daAuts
     D:8: 846 daAuts
     D:4: 788 daAuts
     D:2: 716 daAuts
     D:3: 672 daAuts
  Temple: 585 daAuts
 Abyss:1: 83 daAuts
